 Dungeon Crawl Stone Soup version 0.17-a0-877-ga10078a (webtiles) character file.

150409 RobertPalmer the Warrior (level 17, 0/102 HPs)
             Began as a Vine Stalker Transmuter on Apr 30, 2015.
             Was the Champion of Makhleb.
             Succumbed to a hornet's poison
             ... on level 1 of the Swamp on May 1, 2015.
             The game lasted 02:03:44 (29348 turns).

RobertPalmer the Warrior (Vine Stalker Transmuter) Turns: 29348, Time: 02:03:45

Health: 0/102      AC: 19    Str: 12    XL:     17   Next: 53%
Magic:  3/30       EV: 14    Int: 13    God:    Makhleb [******]
Gold:   1633       SH:  0    Dex: 21    Spells: 4 memorised, 16 levels left

rFire  + + .     SeeInvis .       - Unarmed
rCold  + . .     Clarity  .     I - +1 robe "Wusuvusm" {rF+ Str-2 Slay+4}
rNeg   . . .     SustAb   .     (no shield)
rPois  .         Gourm    .     p - +2 hat {MR+}
rElec  +         Spirit   +     G - +2 cloak {MR+}
rCorr  .         Warding  .     C - +2 pair of gloves {rF+}
rMut   .         Stasis   +     x - +2 pair of boots {Fly}
MR     ++++.                    s - amulet of Eziahal {Stasis rElec rC+}
Stlth  ++........               B - +1 ring of slaying
                                Z - +4 ring of protection

@: lethally poisoned (0 -> -1), grasped by roots, studying Fighting, very slow,
incredibly resistant to hostile enchantments, unstealthy
A: fangs 3, regeneration 3, shaggy fur 1, magic shield, antimagic bite, no
device heal 3, rot immunity
a: Minor Destruction, Lesser Servant of Makhleb, Major Destruction, Greater
Servant of Makhleb, Renounce Religion, Evoke Flight


You were on level 1 of the Swamp.
You worshipped Makhleb.
Makhleb was exalted by your worship.
You were not hungry.

You visited 5 branches of the dungeon, and saw 29 of its levels.
You also visited: Ice Cave and Volcano.

You collected 3561 gold pieces.
You spent 1928 gold pieces at shops.

Inventory:

Hand weapons
 b - a +3 blowgun
   (You took it off a kobold on level 4 of the Dungeon)
Missiles
 a - 72 poisoned needles
 e - 12 curare-tipped needles
 u - 2 throwing nets {=f, !d}
Armour
 p - a +2 hat of magic resistance (worn)
   (You acquired it on level 6 of the Dungeon)
 x - a +2 pair of boots of flying (worn)
   (You bought it in a shop on level 3 of the Orcish Mines)
 C - a +2 pair of gloves of fire resistance (worn)
   (You found it in a volcano)
 G - a +2 cloak of magic resistance (worn)
   (You bought it in a shop on level 3 of the Orcish Mines)
 I - the +1 robe "Wusuvusm" (worn) {rF+ Str-2 Slay+4}
   (You bought it in a shop on level 3 of the Orcish Mines)

   It affects your strength (-2).
   It affects your accuracy and damage with ranged weapons and melee attacks
   (+4).
   It protects you from fire.
Jewellery
 s - the amulet of Eziahal (around neck) {Stasis rElec rC+}
   (You found it on level 5 of the Dungeon)

   [amulet of stasis]

   It prevents you from being teleported, slowed, hasted or paralysed.
   It protects you from cold.
   It insulates you from electricity.
 y - an uncursed ring of poison resistance {rPois, !d}
   (You found it on level 7 of the Dungeon)
 B - a +1 ring of slaying (right hand)
   (You took it off a kobold on level 5 of the Dungeon)
 L - a cursed ring of teleportation {+/*tele, !d}
   (You found it on level 3 of the Lair of Beasts)
 N - an uncursed amulet of warding {Ward, rN+, !d}
   (You found it on level 11 of the Dungeon)
 R - an uncursed amulet of resist mutation {rMut, !d}
   (You found it on level 11 of the Dungeon)
 Z - a +4 ring of protection (left hand)
   (You found it on level 15 of the Dungeon)
Magical devices
 c - a wand of hasting (4)
   (You found it on level 6 of the Lair of Beasts)
 H - a wand of digging (12)
   (You found it on level 11 of the Dungeon)
 K - a wand of paralysis (3)
   (You found it on level 10 of the Dungeon)
 O - a wand of invisibility (3)
   (You found it on level 11 of the Dungeon)
 P - a wand of teleportation (3)
   (You found it on level 2 of the Lair of Beasts)
 Y - a wand of invisibility (3)
   (You found it on level 2 of the Lair of Beasts)
Scrolls
 h - a scroll of fog
 k - 14 scrolls of remove curse
 m - a scroll of blinking {!r}
 o - 7 scrolls of amnesia
 r - a scroll of magic mapping {!r}
 Q - 2 scrolls of enchant armour
 W - 3 scrolls of recharging
Potions
 g - a potion of resistance
 j - a potion of invisibility
 l - a potion of lignification {unknown}
 q - 2 potions of brilliance
 v - a potion of haste
 A - 2 potions of cancellation
 D - 3 potions of berserk rage {!q}
 E - 7 potions of curing
 S - 2 potions of magic
 T - 3 potions of agility
 U - 6 potions of might
Books
 n - a book of Unlife
   (You found it on level 8 of the Lair of Beasts)
 t - a manual of Fighting {!d}
   (You bought it in a shop on level 3 of the Orcish Mines)
 V - a book of Changes
Miscellaneous
 f - a plain deck of summoning {drawn: 3}
   (You found it on level 4 of the Lair of Beasts)
 z - a plain deck of changes {drawn: 1}
   (You found it on level 8 of the Lair of Beasts)
 F - a sack of spiders {used: 1}
   (You found it on level 8 of the Lair of Beasts)
 J - a plain deck of changes
   (You found it on level 9 of the Dungeon)
Comestibles
 d - 15 bread rations {@e1}
 i - 8 meat rations {@e2}
 w - 25 royal jellies
 M - a chunk of flesh {@w0}
 X - 23 fruits


   Skills:
 + Level 17.3 Fighting
 - Level 9.2 Dodging
 - Level 12.9 Unarmed Combat
 - Level 6.0 Spellcasting
 - Level 10.0 Transmutations
 - Level 17.0 Invocations


You had 16 spell levels left.
You knew the following spells:

 Your Spells              Type           Power        Failure   Level  Hunger
a - Beastly Appendage     Trmt           ####..       1%          1    None
b - Ice Form              Ice/Trmt       ###.....     21%         4    ####...
s - Sticks to Snakes      Trmt           ####......   1%          2    ##.....
z - Blade Hands           Trmt           ####......   10%         5    ######.


Dungeon Overview and Level Annotations

Branches:
Dungeon (15/15)            Temple (1/1) D:5            Lair (8/8) D:9
  Swamp (1/4) Lair:6       Spider (0/4) Lair:4        Slime (0/6) Lair:8
    Orc (4/4) D:12            Elf (0/3) Orc:4        Vaults (0/5) D:13
 Depths (0/5) D:15

Altars:
Ashenzari
Cheibriados
Dithmenos
Elyvilon
Fedhas
Gozag
Kikubaaqudgha
Makhleb
Nemelex Xobeh
Okawaru
Qazlal
Ru
Sif Muna
Trog
Vehumet
Xom
Yredelemnul
Zin
The Shining One
Beogh

Shops:
D:5 [   D:12 !**   Orc:1 :   Orc:3 [:   Orc:4 ![[[

Portals:
Trove: D:13 (give +3 storm dragon armour)

Annotations:
D:2 exclusion: Sigmund, Sigmund
D:12 RobertPalmer's ghost, powerful VSTm
Lair:6 exclusion: 5 oklob plants
Lair:7 Charly's ghost, powerful DEIE
Swamp:1 Nikola


Innate Abilities, Weirdness & Mutations

You have razor-sharp teeth.
You regenerate.
You are covered in fur (AC +1).
When hurt, damage is shared between your health and your magic reserves.
Your bite disrupts and absorbs the magic of your enemies.
Potions and wands cannot restore your health.
You are immune to rotting.


Message History

Nikola blinks!
A vampire mosquito comes into view.
Roots rise up from beneath you and drag you back to the ground.
The vampire mosquito buzzes angrily.
Nikola mumbles some strange words.
You hear a mighty clap of thunder!
The lightning arc hits the vampire mosquito.
The lightning arc hits you! You resist.
The lightning arc hits the vampire mosquito.
The vampire mosquito is destroyed!
The lightning arc hits you! You resist.
The lightning arc hits the vampire mosquito.
The lightning arc hits you! You resist.
You take 11 damage, and have 80/102 hp.
You now have 21/30 mp.
Unknown command.
You hit the shambling mangrove but do no damage.
You bite the shambling mangrove! You drain its power.
You feel invigorated.
MP restored: 30 You shred the shambling mangrove!!!
You bite the shambling mangrove. You drain its power.
Nikola mumbles some strange words.
You hear a mighty clap of thunder!
The lightning arc hits the vampire mosquito.
The vampire mosquito is destroyed!
The lightning arc hits you! You resist.
The lightning arc hits the vampire mosquito.
The lightning arc hits you! You resist.
The lightning arc hits the vampire mosquito.
The vampire mosquito is destroyed!
The lightning arc hits you! You resist.
Angry insects surge out from beneath the shambling mangrove's foliage!
The shambling mangrove hits you!!
A shadow comes into view.
You take 41 damage, and have 40/102 hp.
MASSIVE DAMAGE!!
You now have 16/30 mp.
Unknown command.
Read which item? (? for menu, Esc to quit)
Really read
m - a scroll of blinking {!r}?
You cannot teleport because you are wearing the amulet of Eziahal {Stasis rElec rC+}.
Unknown command.
Unknown command.
Read which item? (? for menu, Esc to quit)
Okay, then.
You have no means to grasp a wand firmly enough.
You reach into the bag... ...and things crawl out!
The shambling mangrove evades a web.
The wasp stings you.
The amulet of Eziahal {Stasis rElec rC+} rumbles.
Nikola mumbles some strange words.
You hear a mighty clap of thunder!
The lightning arc hits your spider.
Your spider dies!
Your spider's corpse disappears in a puff of smoke!
The lightning arc hits your spider.
Your spider dies!
Your spider's corpse disappears in a puff of smoke!
The lightning arc hits the wasp.
The wasp dies!
The lightning arc hits you! You resist.
The lightning arc hits Nikola.
The shambling mangrove hits you!!
* * * LOW HITPOINT WARNING * * *
You take 20 damage, and have 20/102 hp.
You now have 7/30 mp.
Unknown command.
Unknown command.
Unknown command.
Unknown command.
Your hands revert to their normal proportions.
Your +2 pair of gloves of fire resistance unmelds from your body.
You feel resistant to fire. The wasp misses you. The hornet stings you!
* * * LOW HITPOINT WARNING * * *
You are poisoned.
The amulet of Eziahal {Stasis rElec rC+} rumbles.
The shadow slips into darkness.
The shadow flickers and vanishes!
Deactivating autopickup; reactivate with Ctrl-A.
The wasp stings you but does no damage.
The hornet stings you but does no damage.
The shambling mangrove hits you!!
* * * LOW HITPOINT WARNING * * *
A swamp drake comes into view.
You take 19 damage, and have 1/102 hp.
You now have 0/30 mp.
Unknown command.
Unknown command.
Unknown command.
Read which item? (? for menu, Esc to quit)
Okay, then.
Okay, then.
Drink which item? (? for menu, Esc to quit)
Okay, then.
Okay, then.
Unknown command.
Read which item? (? for menu, Esc to quit)
Okay, then.
Read which item? (? for menu, Esc to quit)
Really read
m - a scroll of blinking {!r}?
You cannot teleport because you are wearing the amulet of Eziahal {Stasis rElec rC+}.
Read which item? (? for menu, Esc to quit)
Okay, then.
You draw a card...
It is the Elixir.
You die...

♣♣♣.≈♣.♣≈..
..♣......≈.♣
.........≈@.♣♣.
≈y>.≈≈..≈≈.≈♣≈..
≈≈.≈≈≈≈≈...≈...≈
≈≈≈≈≈≈≈≈...≈♣
≈≈≈≈≈≈≈≈≈....♣
≈≈≈≈≈≈≈≈....♣♣
≈≈≈≈≈≈≈...@♣♣ ≈
..≈≈≈.≈..yfy♣♣ ...
......♣..≈≈≈♣ ♣♣..♣
≈..♣♣♣♣♣.♣k♣♣♣♣P....
.. ♣♣♣♣♣.....♣
♣≈≈...≈.♣♣♣
..≈.≈≈♣≈≈.<≈♣
≈.≈...≈≈♣♣.≈..♣
..≈≈≈.≈♣≈..≈♣♣♣


You could see Nikola, a shambling mangrove, a hornet, a swamp drake and a wasp.

Vanquished Creatures
  A storm dragon (D:15)
  Snorg (Orc:3)
  9 vault guards
  A yaktaur captain (D:15)
  5 ogre magi
  A great orb of eyes (Lair:8)
  8 hydras
  4 death yaks (Lair:8)
  A centaur warrior (D:15)
  A tengu warrior (D:13)
  Urug (Orc:1)
  An orc high priest (Orc:3)
  A deep troll earth mage (D:15)
  An ice devil (IceCv)
  A hell knight (Volcano)
  3 unseen horrors
  2 ice statues (IceCv)
  A necromancer (IceCv)
  2 lindwurms (Lair:8)
  2 wolf spiders (Lair:8)
  3 manticores
  An orc knight (Orc:1)
  11 ugly things
  5 hill giants
  3 cyclopes
  3 griffons
  A hornet (Lair:8)
  9 black mambas
  2 centaur zombies (D:14)
  A guardian serpent (Lair:8)
  Joseph (D:7)
  A queen ant (Lair:3)
  19 elephants (Lair:2)
  A gargoyle (D:13)
  5 torpor snails (Lair:8)
  A sixfirhy (D:11)
  2 yaktaurs
  3 kobold demonologists (D:11)
  13 spiny frogs
  A redback zombie (D:11)
  4 fire drakes
  A hellwing (Orc:3)
  9 komodo dragons
  4 blue devils (IceCv)
  20 two-headed ogres
  A giant leech (Lair:8)
  2 jumping spiders (Lair:4)
  A polar bear (Lair:8)
  A queen bee (Lair:3)
  5 trolls
  4 ravens (D:13)
  18 slime creatures
  20 blink frogs
  3 shadows
  3 trapdoor spiders
  A water elemental (D:11)
  A redback (Lair:4)
  21 yaks
  2 wyverns
  2 deep elf magi
  7 hippogriffs
  2 hogs (Lair:5)
  A fire elemental (Volcano)
  Eustachio (D:5)
  The ghost of namelastname112 the Sneak, an average DrAs (D:3)
  8 vampire mosquitoes
  4 basilisks
  6 hungry ghosts
  5 wolves
  5 soldier ants (Lair:3)
  24 water moccasins
  4 wargs
  A hell hound (Volcano)
  10 porcupines
  Duvessa (D:7)
  22 orc warriors
  A black bear (D:11)
  5 wasps (Lair:8)
  28 ogres
  A necrophage (D:9)
  15 ice beasts
  A swamp drake (Lair:6)
  6 spiders (Lair:8)
  4 sky beasts
  12 centaurs
  3 phantoms
  3 big kobolds
  13 crocodiles
  14 giant frogs
  2 gnoll sergeants
  4 brain worms (Lair:8)
  A wyvern skeleton (D:14)
  Dowan (D:7)
  5 scorpions
  A water moccasin zombie (D:10)
  49 killer bees
  2 troll zombies (D:12)
  2 electric eels (Lair:6)
  2 draconian simulacra (IceCv)
  4 crimson imps
  3 wights (D:11)
  A giant frog zombie (D:8)
  20 orc priests
  6 jellies
  5 centaur skeletons
  3 quasits
  26 orc wizards
  9 hounds
  A giant frog skeleton (D:10)
  13 iguanas
  A spriggan simulacrum (IceCv)
  3 troll simulacra (IceCv)
  14 worker ants
  3 centaur simulacra (IceCv)
  6 ogre zombies (D:12)
  A hound skeleton (D:11)
  3 worker ant zombies
  21 gnolls
  20 adders
  59 river rats
  4 shadow imps
  A naga simulacrum (IceCv)
  4 oozes (Lair:8)
  16 worms
  2 adder skeletons
  10 giant geckos
  203 orcs
  11 ball pythons
  15 bats
  A bat skeleton (D:6)
  A bat zombie (D:5)
  7 giant cockroaches
  22 goblins
  17 hobgoblins
  6 quokkas
  2 giant gecko skeletons
  A giant gecko zombie (D:5)
  6 giant newts
  2 giant spores
  2 goblin skeletons (D:12)
  4 goblin zombies (D:12)
  2 hobgoblin zombies (D:12)
  A jackal (D:9)
  A jackal skeleton (D:6)
  21 kobolds
  2 orc skeletons (D:12)
  15 orc zombies (D:12)
  3 quokka skeletons
  19 rats
  9 ballistomycetes
  3 fungi
1168 creatures vanquished.

Vanquished Creatures (collateral kills)
  Kirke (Lair:5)
  A fire dragon (Lair:8)
  A catoblepas (D:15)
  5 death yaks (Lair:8)
  2 black mambas (Lair:8)
  A spiny frog (Lair:8)
  A giant leech (Lair:8)
  A redback (Lair:4)
  2 yaks (Lair:8)
  2 wolves (Lair:8)
  A water moccasin (Lair:8)
  A spider (Lair:4)
  2 crocodiles (Lair:8)
  2 worker ants
  3 worms (Lair:8)
  A plant (Lair:8)
27 creatures vanquished.

Vanquished Creatures (others)
  A cacodemon (Lair:8)
  A balrug (Lair:8)
  A green death (Lair:8)
  2 blizzard demons
  Fannar (Orc:1)
  A hellwing (D:13)
  A water elemental (Lair:4)
  3 vampire mosquitoes (Swamp:1)
  A neqoxec (Lair:8)
  2 water moccasins (Lair:8)
  An orc warrior (Orc:1)
  2 spiders (Swamp:1)
  A wasp (Swamp:1)
  An orc wizard (D:11)
  An orc priest (D:11)
  An orc (D:11)
  A giant spore (D:15)
  2 bushes (Lair:8)
  23 fungi
  16 plants
63 creatures vanquished.

Grand Total: 1258 creatures vanquished

Notes
Turn   | Place    | Note
--------------------------------------------------------------
     0 | D:1      | RobertPalmer, the Vine Stalker Transmuter, began the quest for the Orb.
     0 | D:1      | Reached XP level 1. HP: 9/9 MP: 4/4
   252 | D:1      | Reached XP level 2. HP: 14/14 MP: 6/6
   812 | D:2      | Reached skill level 4 in Unarmed Combat
   812 | D:2      | Reached XP level 3. HP: 9/17 MP: 3/7
  1090 | D:2      | Reached XP level 4. HP: 16/21 MP: 8/8
  1182 | D:2      | Noticed Sigmund
  1669 | D:2      | Reached skill level 5 in Unarmed Combat
  1798 | D:3      | Found a shattered altar of Ashenzari.
  2021 | D:3      | Found a deep blue altar of Sif Muna.
  2043 | D:3      | Found a stormy altar of Qazlal.
  2046 | D:3      | Found an ancient bone altar of Kikubaaqudgha.
  2047 | D:3      | Found an opulent altar of Gozag.
  2049 | D:3      | Found a shimmering altar of Xom.
  2114 | D:3      | Reached XP level 5. HP: 22/25 MP: 9/9
  2220 | D:3      | HP: 3/25 [river rat (7)]
  2265 | D:3      | Noticed namelastname112's ghost (average DrAs)
  2322 | D:3      | Killed namelastname112's ghost
  2322 | D:3      | Reached skill level 6 in Unarmed Combat
  2322 | D:3      | Gained mutation: You heal very quickly. [Vine Stalker growth]
  2322 | D:3      | Reached XP level 6. HP: 19/29 MP: 3/10
  2437 | D:3      | Reached skill level 7 in Unarmed Combat
  2860 | D:4      | Reached XP level 7. HP: 28/32 MP: 11/11
  3006 | D:4      | HP: 8/32 [poisoned by kobold (curare-tipped needle)]
  3150 | D:5      | Entered Level 5 of the Dungeon
  3212 | D:5      | Reached skill level 8 in Unarmed Combat
  3250 | D:5      | Learned a level 2 spell: Sticks to Snakes
  3418 | D:5      | Noticed Eustachio
  3444 | D:5      | Killed Eustachio
  3570 | D:5      | Found a staircase to the Ecumenical Temple.
  3592 | D:5      | Got a wavering lead amulet
  3598 | D:5      | Found Haatuzel's Antique Armour Shop.
  3610 | D:5      | Reached skill level 9 in Unarmed Combat
  3641 | D:5      | Bought an ominously black robe for 148 gold pieces
  3641 | D:5      | Identified the +2 robe of Intercession {rPois rC+ MP+9 Int+4} (You bought it in a shop on level 5 of the Dungeon)
  3654 | D:5      | Identified the amulet of Eziahal {Stasis rElec rC+} (You found it on level 5 of the Dungeon)
  3683 | D:5      | Found a bloodstained altar of Trog.
  3785 | D:5      | Gained mutation: You have razor-sharp teeth. [Vine Stalker growth]
  3785 | D:5      | Reached XP level 8. HP: 17/37 MP: 6/12
  3905 | D:6      | Reached skill level 2 in Dodging
  3916 | D:6      | Found an opulent altar of Gozag.
  4011 | D:6      | Found a blossoming altar of Fedhas.
  4042 | D:6      | Found a sparkling altar of Nemelex Xobeh.
  4191 | D:6      | Reached skill level 3 in Dodging
  4508 | D:6      | Found a burning altar of Makhleb.
  4508 | D:6      | Noticed a green death
  4511 | D:6      | Noticed a neqoxec
  4511 | D:6      | Noticed a smoke demon
  4532 | D:6      | Identified a scroll of acquirement
  4587 | D:7      | Noticed Joseph
  4763 | D:7      | Reached skill level 4 in Dodging
  4769 | D:7      | Noticed Dowan
  4937 | D:7      | Noticed Duvessa
  4945 | D:7      | Killed Duvessa
  4945 | D:7      | Reached skill level 5 in Dodging
  4961 | D:7      | Killed Dowan
  5084 | D:7      | Reached skill level 6 in Dodging
  5084 | D:7      | Reached XP level 9. HP: 37/40 MP: 13/13
  5769 | D:7      | HP: 10/40 [Joseph/quarterstaff (4)]
  6009 | D:7      | Killed Joseph
  6009 | D:7      | Reached skill level 7 in Dodging
  6166 | D:8      | Reached skill level 8 in Dodging
  6197 | D:8      | HP: 9/40 [killer bee (4)]
  6206 | D:8      | HP: 9/40 [killer bee (2)]
  6211 | D:8      | HP: 9/40 [killer bee (3)]
  6216 | D:8      | HP: 9/40 [poisoned by a killer bee]
  6222 | D:8      | HP: 8/40 [poisoned by a killer bee]
  6227 | D:8      | HP: 9/40 [poisoned by a killer bee]
  6234 | D:8      | HP: 10/40 [poisoned by a killer bee]
  6316 | D:8      | Noticed a yaktaur
  6316 | D:8      | a queen bee changed into a yaktaur
  6327 | D:8      | Killed a yaktaur
  6327 | D:8      | Reached skill level 9 in Dodging
  6327 | D:8      | Reached XP level 10. HP: 27/44 MP: 14/14
  6339 | D:8      | Reached skill level 1 in Fighting
  6470 | D:8      | Reached skill level 2 in Fighting
  6645 | D:8      | Reached skill level 3 in Fighting
  6764 | D:8      | Found a sparkling altar of Nemelex Xobeh.
  7307 | D:9      | Found a glowing silver altar of Zin.
  7414 | D:9      | Reached skill level 4 in Fighting
  7434 | D:9      | You fall through a shaft for 2 floors!
  7454 | D:11     | Noticed a red ugly thing
  7527 | D:11     | HP: 12/51 [red ugly thing (14)]
  7537 | D:10     | Entered Level 10 of the Dungeon
  7604 | D:10     | Reached skill level 5 in Fighting
  7765 | D:10     | Reached skill level 6 in Fighting
  8031 | D:10     | Reached skill level 7 in Fighting
  8278 | D:11     | Noticed a sun demon
  8304 | D:11     | Reached skill level 8 in Fighting
  8304 | D:11     | Reached XP level 11. HP: 36/60 MP: 14/15
  8306 | D:11     | Noticed a soul eater
  8337 | D:11     | HP: 13/60 [sixfirhy[a kobold demonologist] (6)]
  8343 | D:11     | HP: 14/60 [kobold demonologist/dagger (1)]
  8345 | D:11     | Reached skill level 9 in Fighting
  8499 | Temple   | Entered the Ecumenical Temple
  8727 | D:6      | Became a worshipper of Makhleb the Destroyer
  9181 | D:9      | Acquired Makhleb's first power
  9383 | D:9      | Found a staircase to the Lair.
  9676 | D:9      | Reached skill level 10 in Fighting
  9693 | D:9      | Acquired Makhleb's second power
  9992 | D:11     | Noticed a hill giant
 10001 | D:11     | Killed a hill giant
 10037 | D:11     | Killed a red ugly thing
 10479 | Lair:1   | Entered Level 1 of the Lair of Beasts
 10553 | Lair:1   | Reached skill level 11 in Fighting
 10830 | Lair:1   | Acquired Makhleb's third power
 10854 | Lair:1   | Gained mutation: You regenerate. [Vine Stalker growth]
 10854 | Lair:1   | Reached XP level 12. HP: 69/71 MP: 16/16
 10928 | Lair:1   | Reached skill level 12 in Fighting
 11320 | Lair:2   | Noticed a four-headed hydra
 11432 | Lair:2   | Reached skill level 13 in Fighting
 11580 | Lair:2   | Acquired Makhleb's fourth power
 11797 | Lair:2   | Reached skill level 14 in Fighting
 12313 | Lair:2   | Reached XP level 13. HP: 77/79 MP: 17/17
 13026 | Lair:3   | Found a staircase to the Shoals.
 13154 | Lair:3   | Reached skill level 15 in Fighting
 13167 | Lair:3   | Acquired Makhleb's fifth power
 13221 | Lair:3   | Found a frozen archway.
 13300 | IceCv    | Entered an ice cave
 13697 | IceCv    | Learned a level 5 spell: Blade Hands
 13719 | IceCv    | Got a polished helmet
 13721 | IceCv    | Got a tattered robe
 13746 | IceCv    | Identified the -1 helmet "Ynniy" {Str-3 Int+5 Stlth+} (You found it in an ice cave)
 13756 | IceCv    | Identified the cursed +1 robe of Fauce {rF++} (You found it in an ice cave)
 14139 | Lair:3   | Reached skill level 3 in Transmutations
 14422 | Lair:3   | Reached skill level 4 in Transmutations
 14699 | Lair:2   | Reached skill level 5 in Transmutations
 15570 | Lair:4   | Reached skill level 6 in Transmutations
 15659 | Lair:4   | Reached skill level 2 in Invocations
 15899 | Lair:4   | Reached skill level 3 in Invocations
 15948 | Lair:4   | Reached skill level 4 in Invocations
 16051 | Lair:4   | Reached skill level 5 in Invocations
 16106 | Lair:4   | Found a hole to the Spider Nest.
 16313 | Lair:4   | HP: 20/81 [redback (5)]
 16315 | Lair:4   | Reached skill level 6 in Invocations
 16623 | Lair:5   | Reached skill level 7 in Invocations
 16623 | Lair:5   | Reached XP level 14. HP: 49/86 MP: 15/20
 16846 | Lair:5   | Reached skill level 8 in Invocations
 16961 | Lair:5   | Found an iron altar of Okawaru.
 17002 | Lair:5   | Noticed Kirke
 17321 | Lair:5   | Killed Kirke
 17321 | Lair:5   | Reached skill level 9 in Invocations
 17501 | Lair:6   | Reached skill level 10 in Invocations
 17914 | Lair:6   | Learned a level 4 spell: Ice Form
 17936 | Lair:6   | Found a staircase to the Swamp.
 18481 | Lair:7   | Reached skill level 11 in Invocations
 18759 | Lair:7   | Noticed Charly's ghost (powerful DEIE)
 18868 | Lair:8   | Entered Level 8 of the Lair of Beasts
 19068 | Lair:8   | Reached skill level 12 in Invocations
 19134 | Lair:8   | Found a staircase to the Slime Pits.
 19234 | Lair:8   | Got a shimmering scythe
 19423 | Lair:8   | Reached skill level 13 in Invocations
 19466 | Lair:8   | HP: 21/86 [death yak (11)]
 19914 | Lair:8   | Reached skill level 14 in Invocations
 20413 | Lair:8   | Reached skill level 15 in Invocations
 20546 | Lair:8   | Found a runed door.
 20768 | Lair:8   | Reached skill level 16 in Invocations
 20775 | Lair:8   | HP: 19/86 [giant leech (13)]
 20785 | Lair:8   | Reached XP level 15. HP: 26/91 MP: 14/28
 20788 | Lair:8   | HP: 6/91 [four-headed hydra (5)]
 21725 | D:12     | Noticed RobertPalmer's ghost (powerful VSTm)
 21954 | D:11     | Killed an unseen horror
 21954 | D:11     | Reached skill level 17 in Invocations
 21967 | D:11     | Killed an unseen horror
 22197 | D:12     | Found Lomonuhu's General Store.
 22209 | D:12     | Found a staircase to the Orcish Mines.
 22367 | D:12     | Found Cuefil's Assorted Antiques.
 22375 | D:12     | Bought a scroll of identify for 60 gold pieces
 22663 | D:12     | Found Evighuli's Distillery.
 22738 | D:13     | Found an opulent altar of Gozag.
 22796 | D:13     | Found a gate to the Vaults.
 22855 | D:13     | Reached skill level 7 in Transmutations
 23400 | D:13     | Reached skill level 8 in Transmutations
 23594 | D:13     | Found a portal to a secret trove of treasure.
 23919 | D:13     | Reached skill level 9 in Transmutations
 24280 | D:13     | Reached skill level 10 in Transmutations
 24309 | D:14     | Reached skill level 6 in Spellcasting
 24309 | D:14     | Reached XP level 16. HP: 95/95 MP: 29/29
 24365 | D:14     | Found a shadowy altar of Dithmenos.
 24701 | D:14     | Reached skill level 10 in Unarmed Combat
 24855 | D:15     | Entered Level 15 of the Dungeon
 24920 | D:15     | Found a runed door.
 25095 | D:15     | Reached skill level 11 in Unarmed Combat
 25403 | D:15     | Reached XP level 17. HP: 98/100 MP: 30/30
 25573 | D:15     | Found a staircase to the Depths.
 25584 | D:15     | Reached skill level 12 in Unarmed Combat
 25785 | D:15     | Identified Veawuin's Disquisition on Execration (You found it on level 15 of the Dungeon)
 26103 | Orc:1    | Entered Level 1 of the Orcish Mines
 26159 | Orc:1    | Found Vuduq's Book Shoppe.
 26159 | Orc:1    | Noticed Fannar
 26168 | Orc:1    | Killed Fannar
 26330 | Orc:1    | Found a radiant altar of Vehumet.
 26830 | Orc:1    | Noticed Urug
 26851 | Orc:1    | Killed Urug
 27243 | Orc:3    | Found Jowk's Antique Armour Boutique.
 27272 | Orc:3    | Bought a glowing cloak for 117 gold pieces
 27272 | Orc:3    | Bought a runed cloak for 117 gold pieces
 27310 | Orc:3    | Bought an opalescent robe for 148 gold pieces
 27320 | Orc:3    | Identified the +1 robe "Wusuvusm" {rF+ Str-2 Slay+4} (You bought it in a shop on level 3 of the Orcish Mines)
 27323 | Orc:3    | Bought a pair of embroidered gloves for 117 gold pieces
 27323 | Orc:3    | Bought a pair of runed boots for 117 gold pieces
 27439 | Orc:3    | Found a roughly hewn altar of Beogh.
 27738 | Orc:3    | Found Qegh's Book Shoppe.
 27750 | Orc:3    | Bought a manual of Fighting for 1104 gold pieces
 27884 | Orc:3    | Noticed Snorg
 27893 | Orc:3    | Killed Snorg
 28022 | Orc:3    | Found a roughly hewn altar of Beogh.
 28078 | Orc:4    | Entered Level 4 of the Orcish Mines
 28086 | Orc:4    | Found a dark tunnel.
 28122 | Volcano  | Entered a volcano
 28177 | Volcano  | Reached skill level 16 in Fighting
 28448 | Orc:4    | Found a staircase to the Elven Halls.
 28550 | Orc:4    | Found Efyxeudu's Armour Shoppe.
 28551 | Orc:4    | Found Vonocs's Armour Shop.
 28551 | Orc:4    | Found Wuaneklufoa's Armour Shop.
 28552 | Orc:4    | Found Yroakhami's Distillery.
 28637 | Orc:4    | Reached skill level 17 in Fighting
 29126 | Lair:2   | Killed a four-headed hydra
 29328 | Swamp:1  | Entered Level 1 of the Swamp
 29334 | Swamp:1  | Noticed Nikola
 29346 | Swamp:1  | HP: 20/102 [shambling mangrove (17)]
 29347 | Swamp:1  | HP: 1/102 [shambling mangrove (13)]
 29348 | Swamp:1  | Succumbed to a hornet's poison

Action                   |  1- 3 |  4- 6 |  7- 9 | 10-12 | 13-15 | 16-18 || total
-------------------------+-------+-------+-------+-------+-------+-------++-------
Melee: Unarmed           |   110 |   211 |   324 |  1009 |  1902 |   766 ||  4322
 Fire: Blowgun           |       |       |    13 |    19 |    57 |       ||    89
Throw: Tomahawk          |       |       |     2 |       |       |       ||     2
 Cast: Beastly Appendage |     2 |    13 |    25 |    59 |    47 |     1 ||   147
       Blade Hands       |       |       |       |       |     1 |    24 ||    25
       Sticks to Snakes  |       |       |       |       |     5 |       ||     5
       Ice Form          |       |       |       |       |       |     2 ||     2
Invok: Major Destruction |       |       |       |       |    18 |     4 ||    22
       Minor Destruction |       |       |       |       |     6 |       ||     6
       Greater Servant o |       |       |       |       |     5 |     2 ||     7
       Lesser Servant of |       |       |       |       |     5 |       ||     5
 Abil: End Transformatio |       |       |       |       |       |     4 ||     4
Evoke: Wand              |       |       |     3 |     1 |     7 |     1 ||    12
       Deck              |       |       |       |       |     3 |     1 ||     4
       Sack of spiders   |       |       |       |       |       |     1 ||     1
  Use: Scroll            |       |     9 |    10 |    10 |    22 |     2 ||    53
       Potion            |       |     4 |     2 |       |     8 |       ||    14
 Stab: Sleeping          |     1 |     4 |     2 |       |    10 |       ||    17
       Invisible         |       |       |     1 |       |     1 |       ||     2
       Distracted        |       |       |     1 |     1 |     8 |     1 ||    11
  Eat: Chunk             |     1 |     6 |    11 |    18 |    31 |    24 ||    91
       Royal jelly       |       |       |     1 |       |       |       ||     1
       Pizza             |       |       |       |     2 |     1 |       ||     3
       Beef jerky        |       |       |       |       |     9 |     2 ||    11
       Fruit             |       |       |       |       |     2 |     1 ||     3

Vault maps used:
D:1:      erik_arrival_cave_to_civilisation, minmay_tree_intersection
D:2:      first_bread, serial_corexii_hall, corexii_hall_statues_l,
          corexii_hall_statues_x, corexii_hall_statues_l,
          corexii_hall_statues_deadend, corexii_hall_statues_x,
          corexii_hall_statues_l, uniq_sigmund
D:3:      lemuel_crystal_altar, minitemple, gup_sewer_entry_bubbles
D:4:      minmay_snake_closets
D:5:      kennysheep_mini, serial_shops, shop, uniq_eustachio
D:6:      nicolae_overflow_hidden_temple, makhleb_altar_promises_db,
          overflow_temple_1_default, basic_altar, hangedman_decor_slide_cut
D:7:      uniq_joseph, uniq_duvessa
D:8:      david_nohive_1, hangedman_abyss_or_decor_passed,
          nemelex_spade_bored_becter
D:9:      forest_paths, lemuel_coloured_pillars_altar, lair_0_dummy
D:10:     hex_medium
D:11:     small_statue_intersection
D:12:     zombieorc2_lemuel, serial_shops, kennysheep_mini_moat,
          kennysheep_little_box, shop, nicolae_shop_overgrown_old_shop
D:13:     erik_vaults_2, enter_trove_5, nicolae_gozag_seed_capital
D:14:     lemuel_ice_spiral_2, nrook_pool_corridor, hangedman_decor_peaks_small,
          nicolae_dithmenos_the_darkroom
D:15:     grunt_enter_depths_snipers, kennysheep_treasure_room
Temple:   grunt_temple_mini_profane_8
Lair:1:   grunt_megastairs_3
Lair:2:   mu_elephants_graveyard
Lair:3:   minmay_shoals_entry_beasts, portal_ice_cave_entry_ice_beasts,
          special_room, serial_bayou_pond_c, minmay_another_anthill,
          lemuel_fruit_fields
Lair:4:   spider_nest_entry_funnel_web
Lair:5:   lemuel_centaur_altar, uniq_kirke
Lair:6:   minmay_swamp_entry_eels, minivault_24, dpeg_oklob_1,
          infiniplex_staircase_pool_2
Lair:7:   bh_autumn_forest_stairs
Lair:8:   hangedman_lair_tendril_chambers, wormcave,
          nicolae_slime_entry_slimehenge, eino_small_chamber_without_monster,
          grunt_forest_large_clearings
Swamp:1:  nicolae_swamp_feature_on_the_river_bank, infiniplex_staircase_pool,
          uniq_nikola
Orc:1:    serial_shops, shop, basic_altar, uniq_urug, uniq_fannar
Orc:3:    serial_shops, shop, nicolae_shop_trees, special_room,
          nicolae_orc_pool_cavern, minmay_orc_temple_a, uniq_snorg
Orc:4:    st_orc_ogre_mass, enter_volcano_2, lemuel_statue_altar
IceCv:    ice_cave_tombish
Volcano:  volcano_pools

Table legend:
 A = Turns spent in this place as a percentage of turns spent in the entire game.
 B = Non-inter-level travel turns spent in this place as a percentage of non-inter-level travel turns spent in the entire game.
 C = Inter-level travel turns spent in this place as a percentage of turns spent in this place.
 D = Turns resting spent in this place as a percentage of non-inter-level travel turns spent in this place.
 E = Turns spent auto-exploring this place as a percentage of non-inter-level travel turns spent in this place.
 F = Non-inter-level travel turns spent in this place divided by the number of levels of this place that you've seen.
                   A       B       C       D       E      F
               +-------+-------+-------+-------+-------+----------------------
         Total | 100.0 | 100.0 |   0.5 |   0.7 |   5.5 | 517.2
       Dungeon |  46.5 |  46.5 |   0.5 |   0.5 |   6.4 | 497.2
        Temple |   0.4 |   0.4 |   0.0 |   0.0 |  11.8 |  68.0
          Lair |  39.1 |  39.1 |   0.5 |   1.1 |   3.6 | 783.2
         Swamp |   0.3 |   0.3 |   0.0 |   0.0 |   0.0 |  41.0
  Orcish Mines |   9.5 |   9.5 |   0.9 |   0.0 |  11.3 | 379.2
      Ice Cave |   3.2 |   3.3 |   0.0 |   0.8 |   0.4 | 522.0
       Volcano |   1.0 |   1.0 |   0.0 |   0.0 |   0.0 | 160.0
               +-------+-------+-------+-------+-------+----------------------

Table legend:
 A = Kills in this place as a percentage of kills in entire the game.
 B = Kills by you in this place as a percentage of kills by you in the entire game.
 C = Kills by friends in this place as a percentage of kills by friends in the entire game.
 D = Other kills in this place as a percentage of other kills in the entire game.
 E = Experience gained in this place as a percentage of experience gained in the entire game.
 F = Experience gained in this place divided by the number of levels of this place that you have seen.
                   A       B       C       D       E      F
               +-------+-------+-------+-------+-------+----------------------
         Total | 100.0 | 100.0 | 100.0 | 100.0 | 100.0 | 5348.8
       Dungeon |  42.8 |  43.6 |   7.7 |   0.0 |  39.4 | 4357.3
          Lair |  32.5 |  31.2 |  92.3 |   0.0 |  44.4 | 9199.1
  Orcish Mines |  22.7 |  23.2 |   0.0 | 100.0 |  12.1 | 5018.0
      Ice Cave |   1.5 |   1.6 |   0.0 |   0.0 |   2.6 | 4382.0
       Volcano |   0.5 |   0.5 |   0.0 |   0.0 |   1.5 | 2408.0
               +-------+-------+-------+-------+-------+----------------------
